WCHLSIM.com - West Coast Hockey League
html PUBLIC "-//W3C//DTD XHTML 1.0 Transitional//EN" "http://www.w3.org/TR/xhtml1/DTD/xhtml1-transitional.dtd"> WCHL - Game 329 - SAN JOSE BRONCOS vs LONG BEACH BARACUDAS

SAN JOSE BRONCOS vs LONG BEACH BARACUDAS

Created - 26 novembre 2022 at 21:24

Goals
1 2 3 T
SAN JOSE BRONCOS 1 0 0 1
LONG BEACH BARACUDAS 0 2 0 2
Shots
1 2 3 T
SAN JOSE BRONCOS 6 8 7 21
LONG BEACH BARACUDAS 6 16 3 25

1st period

1. SAN JOSE BRONCOS , Pierre-Edouard Bellemare 2 (Jake Evans 5, Patrick Maroon 1) at 12:20

Penalties :
No Penalty

2nd period

2. LONG BEACH BARACUDAS , Nolan Patrick 1 (Robert Fabbri 5, Alex Pietrangelo 12) at 8:41
3. LONG BEACH BARACUDAS , Taylor Hall 8 (Brock Nelson 15) at 11:46

Penalties :
No Penalty

3rd period

No Goal

Penalties :
No Penalty

Goalie Stats

Petr Mrazek (SJO), 23 saves from 25 shots - (0,920), L, 2-1-0, 59:02 minutes
Jake Oettinger (LOB), 20 saves from 21 shots - (0,952), W, 12-5-1, 60:00 minutes

Players Stats for SAN JOSE BRONCOS

Player Name              G  A  P  +/- PIM S  H  SB GA TA FO     MP     PP MP  PK MP  
------------------------------------------------------------------------------------
Adam Pelech              0  0  0  -1  0   0  2  0  0  0  0/0    22:25   0:00   0:00 
Brayden Point            0  0  0  -2  0   2  0  0  0  0  10/21  20:11   0:00   0:00 
Cole Caufield            0  0  0   0  0   0  0  0  0  0  0/1    18:16   0:00   0:00 
Elias Lindholm           0  0  0   0  0   3  0  0  0  0  7/16   18:16   0:00   0:00 
Ivan Barbashev           0  0  0   0  0   2  3  1  0  0  0/0    18:16   0:00   0:00 
Jacob Middleton          0  0  0   1  0   0  2  0  0  0  0/0    20:45   0:00   0:00 
Jake Bean                0  0  0  -1  0   0  0  0  0  0  0/0    17:58   0:00   0:00 
Jake Evans               0  1  1   1  0   1  0  0  0  0  0/0     7:49   0:00   0:00 
Jan Rutta                0  0  0   1  0   0  0  2  0  0  0/0    16:28   0:00   0:00 
Jesper Bratt             0  0  0  -2  0   2  0  1  0  0  0/2    20:11   0:00   0:00 
Jordan Martinook         0  0  0   0  0   0  0  0  0  0  0/1    14:08   0:00   0:00 
Max Domi                 0  0  0   0  0   2  0  0  0  0  5/14   13:44   0:00   0:00 
Neal Pionk               0  0  0  -1  0   1  0  1  0  0  0/0    21:17   0:00   0:00 
Oliver Bjorkstrand       0  0  0  -2  0   3  0  0  0  0  0/0    19:47   0:00   0:00 
Patrick Maroon           0  1  1   1  0   0  0  0  0  0  0/0     7:49   0:00   0:00 
Pierre-Edouard Bellemare 1  0  1   1  0   2  0  0  0  0  3/6     7:49   0:00   0:00 
Timothy Liljegren        0  0  0  -1  0   0  1  1  0  0  0/0    21:07   0:00   0:00 
Zach Parise              0  0  0   0  0   3  0  0  0  0  0/0    13:44   0:00   0:00 

Players Stats for LONG BEACH BARACUDAS

Player Name              G  A  P  +/- PIM S  H  SB GA TA FO     MP     PP MP  PK MP  
------------------------------------------------------------------------------------
Alex Pietrangelo         0  1  1   1  0   1  2  2  0  0  0/0    20:05   0:00   0:00 
Alexandre Texier         0  0  0   0  0   0  0  0  0  0  1/2     5:12   0:00   0:00 
Arthur Kaliyev           0  0  0  -1  0   2  1  0  0  0  0/0    17:44   0:00   0:00 
Boris Katchouk           0  0  0   1  0   0  0  0  0  0  0/0     8:00   0:00   0:00 
Brock McGinn             0  0  0   0  0   0  1  0  0  0  0/1    15:18   0:00   0:00 
Brock Nelson             0  1  1   1  0   2  1  0  0  0  13/21  19:49   0:00   0:00 
Derrick Pouliot          0  0  0   0  0   0  0  1  0  0  0/0    18:08   0:00   0:00 
Jaden Schwartz           0  0  0  -1  0   4  0  0  0  0  0/0    16:53   0:00   0:00 
Jared Spurgeon           0  0  0   0  0   0  2  0  0  0  0/0    22:53   0:00   0:00 
Mitch Reinke             0  0  0   0  0   0  0  0  0  0  0/0    20:33   0:00   0:00 
Nicklas Backstrom        0  0  0   0  0   0  0  1  0  0  7/9    15:52   0:00   0:00 
Nolan Patrick            1  0  1   1  0   3  0  0  0  0  7/10    8:00   0:00   0:00 
P.K. Subban              0  0  0   0  0   1  0  0  0  0  0/0    17:36   0:00   0:00 
Robert Fabbri            0  1  1   1  0   3  3  0  0  0  0/0    16:41   0:00   0:00 
Ryan Murray              0  0  0   1  0   0  3  1  0  0  0/0    20:45   0:00   0:00 
Seth Jarvis              0  0  0   1  0   0  1  0  0  0  0/2    19:49   0:00   0:00 
Taylor Hall              1  0  1   1  0   6  2  0  0  0  0/1    19:49   0:00   0:00 
William Karlsson         0  0  0  -1  0   3  0  1  0  0  8/15   16:53   0:00   0:00 

3 Stars

1 - Taylor Hall (LOB)
2 - Nolan Patrick (LOB)
3 - Robert Fabbri (LOB)

Power Play

SAN JOSE BRONCOS - 0 on 0 Attempt(s) - 0,00%
LONG BEACH BARACUDAS - 0 on 0 Attempt(s) - 0,00%

Penalty Kill

SAN JOSE BRONCOS - 0 on 0 Attempt(s) - 0,00% - Score 0 goal in Penalty Kill
LONG BEACH BARACUDAS - 0 on 0 Attempt(s) - 0,00% - Score 0 goal in Penalty Kill

Team Stat

SAN JOSE BRONCOS - Hits : 8 - Faceoff Wins : 25 - Blocked Shots : 6 - Penalty Minutes : 0
LONG BEACH BARACUDAS - Hits : 16 - Faceoff Wins : 36 - Blocked Shots : 6 - Penalty Minutes : 0

Official

Referees : Peter MacDougall and Kenny Anderson
Linesman : Trent Knorr and Steve Barton

Game Notes

Alexandre Texier is injured at 4:29 of 2nd period (Torn Left ACL)

Finance

Level 1 -- Attendance: 5213 (73,42%) -- Ticket Income 1 016 535 $
Level 2 -- Attendance: 5326 (89,89%) -- Ticket Income 617 816 $
Level 3 -- Attendance: 3273 (80,81%) -- Ticket Income 278 205 $
Level 4 -- Attendance: 6258 (95,18%) -- Ticket Income 344 190 $
Luxury Box -- Attendance: 949 (70,30%) -- Ticket Income 308 425 $
Game was played at the MONSTER ENERGY CENTER.
Total Attendance: 21019 (84,08%)
Total Ticket Income: 2 565 171 $
Other Expense: 25 652 $
Total Income: 2 539 519 $

SAN JOSE BRONCOS

5 vs 5 Forward 
   Center                   Left Wing                Right Wing               Time % Phy DF OF 
 1 Brayden Point            Jesper Bratt             Oliver Bjorkstrand       36     1   2  2  
 2 Elias Lindholm           Ivan Barbashev           Cole Caufield            31     1   2  2  
 3 Max Domi                 Jordan Martinook         Zach Parise              23     1   2  2  
 4 Pierre-Edouard Bellemare Patrick Maroon           Jake Evans               10     1   2  2  

5 vs 5 Defense 
   Defense                  Defense                                           Time % Phy DF OF 
 1 Timothy Liljegren        Neal Pionk                                        36     1   2  2  
 2 Adam Pelech              Jake Bean                                         31     1   2  2  
 3 Jacob Middleton          Jan Rutta                                         23     1   2  2  
 4 Adam Pelech              Jacob Middleton                                   10     1   2  2  

PowerPlay Forward 
   Center                   Left Wing                Right Wing               Time % Phy DF OF 
 1 Brayden Point            Jesper Bratt             Jordan Martinook         55     1   2  2  
 2 Elias Lindholm           Oliver Bjorkstrand       Ivan Barbashev           45     1   2  2  

PowerPlay Defense
   Defense                  Defense                                           Time % Phy DF OF 
 1 Jan Rutta                Adam Pelech                                       55     1   2  2  
 2 Jacob Middleton          Neal Pionk                                        45     1   2  2  

Penalty Kill 4 Players Forward 
   Center                   Wing                     Time % Phy DF OF 
 1 Oliver Bjorkstrand       Brayden Point            55     1   2  2  
 2 Pierre-Edouard Bellemare Jake Evans               45     1   2  2  

Penalty Kill 4 Players Defense
   Defense                  Defense                  Time % Phy DF OF 
 1 Timothy Liljegren        Adam Pelech              50     1   2  2  
 2 Jacob Middleton          Jan Rutta                50     1   2  2  

Penalty Kill - 3 Players Forward 
   Forward                                           Time % Phy DF OF 
 1 Brayden Point                                     55     1   2  2  
 2 Pierre-Edouard Bellemare                          45     1   2  2  

Penalty Kill - 3 Players Defense
   Defense                  Defense                  Time % Phy DF OF 
 1 Timothy Liljegren        Adam Pelech              50     1   2  2  
 2 Jacob Middleton          Jan Rutta                50     1   2  2  

4 vs 4 Forward 
   Center                   Wing                     Time % Phy DF OF 
 1 Jordan Martinook         Oliver Bjorkstrand       55     1   2  2  
 2 Pierre-Edouard Bellemare Brayden Point            45     1   2  2  

4 vs 4 Defense
   Defense                  Defense                  Time % Phy DF OF 
 1 Neal Pionk               Jacob Middleton          55     1   2  2  
 2 Jan Rutta                Adam Pelech              45     1   2  2  

Last Minutes Offensive
   Center                   Left Wing                Right Wing               Defense                  Defense                  
   Brayden Point            Jesper Bratt             Jordan Martinook         Timothy Liljegren        Adam Pelech              

Last Minutes Defensive
   Center                   Left Wing                Right Wing               Defense                  Defense                  
   Brayden Point            Jesper Bratt             Jordan Martinook         Timothy Liljegren        Adam Pelech              

Goaltenders
Starting : Petr Mrazek              
Backup : Jacob Markstrom          

Extra Forwards
Normal : Pierre-Edouard Bellemare, Oliver Bjorkstrand, Brayden Point - PP : Pierre-Edouard Bellemare, Brayden Point - PK : Brayden Point
Extra Defensemen
Normal : Jan Rutta, Jacob Middleton, Adam Pelech - PP : Adam Pelech - PK : Adam Pelech, Jacob Middleton
Penalty Shots
Pierre-Edouard Bellemare, Brayden Point, Jordan Martinook, Cole Caufield, Oliver Bjorkstrand
Custom OT Lines Forwards
Pierre-Edouard Bellemare, Jordan Martinook, Oliver Bjorkstrand, Brayden Point, Jesper Bratt, Max Domi, Cole Caufield, Jake Evans, Zach Parise, Ivan Barbashev
Custom OT Lines Defensemen
Jake Bean, Jacob Middleton, Adam Pelech, Jan Rutta, Neal Pionk

Scratches
Jaccob Slavin (Exhaustion), Oliver Wahlstrom (Healthy)

LONG BEACH BARACUDAS

5 vs 5 Forward 
   Center                   Left Wing                Right Wing               Time % Phy DF OF 
 1 Brock Nelson             Taylor Hall              Seth Jarvis              38     0   2  3  
 2 William Karlsson         Jaden Schwartz           Arthur Kaliyev           31     0   2  3  
 3 Nicklas Backstrom        Alexandre Texier         Brock McGinn             21     0   3  2  
 4 Nolan Patrick            Boris Katchouk           Robert Fabbri            10     0   4  1  

5 vs 5 Defense 
   Defense                  Defense                                           Time % Phy DF OF 
 1 Alex Pietrangelo         Ryan Murray                                       36     0   3  2  
 2 Jared Spurgeon           Mitch Reinke                                      31     0   3  2  
 3 Derrick Pouliot          P.K. Subban                                       23     0   4  1  
 4 Ryan Murray              Jared Spurgeon                                    10     0   4  1  

PowerPlay Forward 
   Center                   Left Wing                Right Wing               Time % Phy DF OF 
 1 William Karlsson         Taylor Hall              Nicklas Backstrom        55     0   0  5  
 2 Brock Nelson             Jaden Schwartz           Seth Jarvis              45     0   0  5  

PowerPlay Defense
   Defense                  Defense                                           Time % Phy DF OF 
 1 Alex Pietrangelo         Derrick Pouliot                                   55     0   0  5  
 2 P.K. Subban              Mitch Reinke                                      45     0   0  5  

Penalty Kill 4 Players Forward 
   Center                   Wing                     Time % Phy DF OF 
 1 Robert Fabbri            Alexandre Texier         55     0   5  0  
 2 Nolan Patrick            William Karlsson         45     0   5  0  

Penalty Kill 4 Players Defense
   Defense                  Defense                  Time % Phy DF OF 
 1 P.K. Subban              Jared Spurgeon           55     0   5  0  
 2 Derrick Pouliot          Ryan Murray              45     0   5  0  

Penalty Kill - 3 Players Forward 
   Forward                                           Time % Phy DF OF 
 1 Nicklas Backstrom                                 55     0   5  0  
 2 Brock Nelson                                      45     0   5  0  

Penalty Kill - 3 Players Defense
   Defense                  Defense                  Time % Phy DF OF 
 1 Mitch Reinke             Jared Spurgeon           55     0   5  0  
 2 P.K. Subban              Ryan Murray              45     0   5  0  

4 vs 4 Forward 
   Center                   Wing                     Time % Phy DF OF 
 1 Nolan Patrick            Boris Katchouk           55     0   2  3  
 2 Nicklas Backstrom        Robert Fabbri            45     0   2  3  

4 vs 4 Defense
   Defense                  Defense                  Time % Phy DF OF 
 1 Alex Pietrangelo         Jared Spurgeon           55     0   2  3  
 2 Jared Spurgeon           Ryan Murray              45     0   2  3  

Last Minutes Offensive
   Center                   Left Wing                Right Wing               Defense                  Defense                  
   William Karlsson         Taylor Hall              Arthur Kaliyev           Alex Pietrangelo         Jared Spurgeon           

Last Minutes Defensive
   Center                   Left Wing                Right Wing               Defense                  Defense                  
   William Karlsson         Jaden Schwartz           Arthur Kaliyev           Alex Pietrangelo         Jared Spurgeon           

Goaltenders
Starting : Jake Oettinger           
Backup : Martin Jones             

Extra Forwards
Normal : Nicklas Backstrom, Robert Fabbri, Alexandre Texier - PP : Nicklas Backstrom, Robert Fabbri - PK : Nicklas Backstrom
Extra Defensemen
Normal : Derrick Pouliot, Mitch Reinke, P.K. Subban - PP : Derrick Pouliot - PK : Mitch Reinke, P.K. Subban
Penalty Shots
William Karlsson, Brock Nelson, Taylor Hall, Seth Jarvis, Nicklas Backstrom
Custom OT Lines Forwards
William Karlsson, Brock Nelson, Taylor Hall, Seth Jarvis, Nicklas Backstrom, Jaden Schwartz, Alexandre Texier, Arthur Kaliyev, Robert Fabbri, Brock McGinn
Custom OT Lines Defensemen
Alex Pietrangelo, Jared Spurgeon, P.K. Subban, Ryan Murray, Derrick Pouliot

Scratches
Derek Stepan (Facial Surgery Injury), Craig Smith (Abdomen/Ribs Injury)

% Time on Ice - SAN JOSE BRONCOS

Lines # - Real PCT - Wanted PCT - Time Play
Normal Forward
1 - 33% - 36% - 19:47
2 - 31% - 31% - 18:16
3 - 23% - 23% - 13:44
4 - 13% - 10% - 7:49
Normal Defense
1 - 36% - 36% - 21:17
2 - 29% - 31% - 17:34
3 - 27% - 23% - 16:09
4 - 8% - 10% - 4:36
PP Forward
1 - 0% - 55%
2 - 0% - 45%
PP Defense
1 - 0% - 55%
2 - 0% - 45%
PK Forward
1 - 0% - 55%
2 - 0% - 45%
PK Defense
1 - 0% - 50%
2 - 0% - 50%
PK3 Forward
1 - 0% - 55%
2 - 0% - 45%
PK3 Defense
1 - 0% - 50%
2 - 0% - 50%
44 Forward
1 - 0% - 55%
2 - 0% - 45%
44 Defense
1 - 0% - 55%
2 - 0% - 45%
Last Minute Offensive  - 0:24
Last Minute Defensive  - 0:00
Total
Forward - 60:00
Defense - 60:00

% Time on Ice - LONG BEACH BARACUDAS

Lines # - Real PCT - Wanted PCT - Time Play
Normal Forward
1 - 33% - 38% - 19:49
2 - 28% - 31% - 16:37
3 - 26% - 21% - 15:18
4 - 13% - 10% - 8:00
Normal Defense
1 - 31% - 36% - 18:23
2 - 35% - 31% - 20:47
3 - 30% - 23% - 17:38
4 - 5% - 10% - 2:56
PP Forward
1 - 0% - 55%
2 - 0% - 45%
PP Defense
1 - 0% - 55%
2 - 0% - 45%
PK Forward
1 - 0% - 55%
2 - 0% - 45%
PK Defense
1 - 0% - 55%
2 - 0% - 45%
PK3 Forward
1 - 0% - 55%
2 - 0% - 45%
PK3 Defense
1 - 0% - 55%
2 - 0% - 45%
44 Forward
1 - 0% - 55%
2 - 0% - 45%
44 Defense
1 - 0% - 55%
2 - 0% - 45%
Last Minute Offensive  - 0:00
Last Minute Defensive  - 0:16
Total
Forward - 60:00
Defense - 60:00

Play-by-Play

1st period


0:01 of 1st period - Brock Nelson wins face-off versus Brayden Point in neutral zone.
0:42 of 1st period - Shot by Brock Nelson.
0:42 of 1st period - Shot Misses the Net.
0:49 of 1st period - Icing by Neal Pionk.
0:50 of 1st period - William Karlsson wins face-off versus Brayden Point in SAN JOSE BRONCOS zone.
1:05 of 1st period - Shot by Jaden Schwartz.
1:05 of 1st period - Deflect By William Karlsson.
1:05 of 1st period - Stopped by Petr Mrazek with a rebound.
1:49 of 1st period - Icing by Neal Pionk.
1:50 of 1st period - Nolan Patrick wins face-off versus Brayden Point in SAN JOSE BRONCOS zone.
3:28 of 1st period - Shot by Jordan Martinook.
3:28 of 1st period - Shot Misses the Net.
3:30 of 1st period - Shot by Jacob Middleton.
3:30 of 1st period - Shot Blocked by Alex Pietrangelo.
4:15 of 1st period - Icing by Jan Rutta.
4:16 of 1st period - William Karlsson wins face-off versus Max Domi in SAN JOSE BRONCOS zone.
4:52 of 1st period - Shot by Jaden Schwartz.
4:52 of 1st period - Shot Misses the Net.
5:30 of 1st period - Shot by Elias Lindholm.
5:30 of 1st period - Shot Misses the Net.
5:32 of 1st period - Shot by Elias Lindholm.
5:32 of 1st period - Stopped by Jake Oettinger with a rebound.
5:42 of 1st period - Shot by Cole Caufield.
5:42 of 1st period - Shot Misses the Net.
5:48 of 1st period - Shot by Elias Lindholm.
5:48 of 1st period - Shot Blocked by Derrick Pouliot.
5:50 of 1st period - Shot by Elias Lindholm.
5:50 of 1st period - Stopped by Jake Oettinger without a rebound.
5:51 of 1st period - Brock Nelson wins face-off versus Brayden Point in LONG BEACH BARACUDAS zone.
6:09 of 1st period - Brayden Point is hit by Ryan Murray and loses puck.
6:54 of 1st period - Shot by Ivan Barbashev.
6:54 of 1st period - Shot Hit the Post.
7:16 of 1st period - Shot by Brock McGinn.
7:16 of 1st period - Shot Blocked by Neal Pionk.
7:51 of 1st period - Icing by Jared Spurgeon.
7:52 of 1st period - Brayden Point wins face-off versus Nolan Patrick in LONG BEACH BARACUDAS zone.
8:06 of 1st period - Icing by Jared Spurgeon.
8:07 of 1st period - Nolan Patrick wins face-off versus Max Domi in LONG BEACH BARACUDAS zone.
8:44 of 1st period - Shot by Brock Nelson.
8:44 of 1st period - Shot Misses the Net.
8:46 of 1st period - Shot by Taylor Hall.
8:46 of 1st period - Stopped by Petr Mrazek with a rebound.
8:48 of 1st period - Shot by Taylor Hall.
8:48 of 1st period - Shot Misses the Net.
8:50 of 1st period - Shot by P.K. Subban.
8:50 of 1st period - Stopped by Petr Mrazek without a rebound.
8:51 of 1st period - William Karlsson wins face-off versus Brayden Point in SAN JOSE BRONCOS zone.
9:38 of 1st period - Icing by Jacob Middleton.
9:39 of 1st period - Brock Nelson wins face-off versus Jesper Bratt in SAN JOSE BRONCOS zone.
10:03 of 1st period - Shot by Brock Nelson.
10:03 of 1st period - Stopped by Petr Mrazek without a rebound.
10:04 of 1st period - Elias Lindholm wins face-off versus Nicklas Backstrom in SAN JOSE BRONCOS zone.
10:13 of 1st period - Shot by Ivan Barbashev.
10:13 of 1st period - Shot Blocked by Nicklas Backstrom.
12:20 of 1st period - Shot by Jake Evans.
12:20 of 1st period - Deflect By Pierre-Edouard Bellemare.
12:20 of 1st period - Goal by Pierre-Edouard Bellemare - SAN JOSE BRONCOS : 1 - LONG BEACH BARACUDAS : 0.
12:21 of 1st period - Alexandre Texier wins face-off versus Brayden Point in neutral zone.
12:32 of 1st period - Shot by Brayden Point.
12:32 of 1st period - Stopped by Jake Oettinger without a rebound.
12:33 of 1st period - Nolan Patrick wins face-off versus Elias Lindholm in LONG BEACH BARACUDAS zone.
13:20 of 1st period - Icing by Jacob Middleton.
13:21 of 1st period - Elias Lindholm wins face-off versus Brock Nelson in SAN JOSE BRONCOS zone.
13:21 of 1st period - Elias Lindholm is hit by Taylor Hall.
13:24 of 1st period - Ivan Barbashev is hit by Brock Nelson and loses puck.
13:39 of 1st period - Icing by Alex Pietrangelo.
13:40 of 1st period - Brayden Point wins face-off versus Seth Jarvis in LONG BEACH BARACUDAS zone.
14:07 of 1st period - Shot by Brock Nelson.
14:07 of 1st period - Shot Misses the Net.
14:55 of 1st period - Icing by Derrick Pouliot.
14:56 of 1st period - Max Domi wins face-off versus William Karlsson in LONG BEACH BARACUDAS zone.
15:09 of 1st period - Shot by Jordan Martinook.
15:09 of 1st period - Shot Misses the Net.
16:15 of 1st period - Shot by Nicklas Backstrom.
16:15 of 1st period - Shot Blocked by Jan Rutta.
16:17 of 1st period - Shot by Brock McGinn.
16:17 of 1st period - Shot Misses the Net.
17:01 of 1st period - Shot by Alex Pietrangelo.
17:01 of 1st period - Stopped by Petr Mrazek without a rebound.
17:02 of 1st period - Nolan Patrick wins face-off versus Brayden Point in SAN JOSE BRONCOS zone.
17:33 of 1st period - Shot by Brayden Point.
17:33 of 1st period - Stopped by Jake Oettinger with a rebound.
17:35 of 1st period - Shot by Neal Pionk.
17:35 of 1st period - Stopped by Jake Oettinger without a rebound.
17:36 of 1st period - Pierre-Edouard Bellemare wins face-off versus Seth Jarvis in LONG BEACH BARACUDAS zone.
18:42 of 1st period - Nicklas Backstrom is hit by Timothy Liljegren and loses puck.
18:46 of 1st period - Icing by Neal Pionk.
18:47 of 1st period - William Karlsson wins face-off versus Jordan Martinook in SAN JOSE BRONCOS zone.
18:48 of 1st period - Shot by Jaden Schwartz.
18:48 of 1st period - Stopped by Petr Mrazek without a rebound.
18:49 of 1st period - Brayden Point wins face-off versus William Karlsson in SAN JOSE BRONCOS zone.
19:12 of 1st period - Shot by Jesper Bratt.
19:12 of 1st period - Shot Blocked by William Karlsson.
Goals for this period are 1 for SAN JOSE BRONCOS vs 0 for LONG BEACH BARACUDAS.
Shots for this period are 6 for SAN JOSE BRONCOS vs 6 for LONG BEACH BARACUDAS.

2nd period


0:01 of 2nd period - Max Domi wins face-off versus Brock Nelson in neutral zone.
0:04 of 2nd period - Shot by Zach Parise.
0:04 of 2nd period - Stopped by Jake Oettinger without a rebound.
0:05 of 2nd period - Elias Lindholm wins face-off versus Brock Nelson in LONG BEACH BARACUDAS zone.
0:12 of 2nd period - Shot by Cole Caufield.
0:12 of 2nd period - Shot Blocked by Alex Pietrangelo.
1:15 of 2nd period - Shot by William Karlsson.
1:15 of 2nd period - Deflect By Jaden Schwartz.
1:15 of 2nd period - Shot Misses the Net.
1:26 of 2nd period - Icing by Neal Pionk.
1:27 of 2nd period - Max Domi wins face-off versus Alexandre Texier in SAN JOSE BRONCOS zone.
2:15 of 2nd period - Jan Rutta is hit by Brock McGinn and loses puck.
2:23 of 2nd period - Icing by Jesper Bratt.
2:24 of 2nd period - Brayden Point wins face-off versus William Karlsson in SAN JOSE BRONCOS zone.
2:31 of 2nd period - Shot by Oliver Bjorkstrand.
2:31 of 2nd period - Stopped by Jake Oettinger with a rebound.
2:38 of 2nd period - William Karlsson is hit by Jacob Middleton and loses puck.
3:04 of 2nd period - Shot by Jaden Schwartz.
3:04 of 2nd period - Deflect By William Karlsson.
3:04 of 2nd period - Stopped by Petr Mrazek without a rebound.
3:05 of 2nd period - Brock Nelson wins face-off versus Elias Lindholm in SAN JOSE BRONCOS zone.
3:30 of 2nd period - Ryan Murray is hit by Ivan Barbashev and loses puck.
3:34 of 2nd period - Icing by Ryan Murray.
3:35 of 2nd period - Brock Nelson wins face-off versus Pierre-Edouard Bellemare in LONG BEACH BARACUDAS zone.
3:48 of 2nd period - Shot by Brock Nelson.
3:48 of 2nd period - Shot Misses the Net.
3:50 of 2nd period - Shot by Alex Pietrangelo.
3:50 of 2nd period - Shot Misses the Net.
3:55 of 2nd period - Icing by Neal Pionk.
3:56 of 2nd period - William Karlsson wins face-off versus Pierre-Edouard Bellemare in SAN JOSE BRONCOS zone.
4:17 of 2nd period - Shot by William Karlsson.
4:17 of 2nd period - Shot Misses the Net.
4:19 of 2nd period - Shot by Jaden Schwartz.
4:19 of 2nd period - Shot Misses the Net.
4:21 of 2nd period - Shot by William Karlsson.
4:21 of 2nd period - Deflect By Jaden Schwartz.
4:21 of 2nd period - Stopped by Petr Mrazek with a rebound.
4:27 of 2nd period - Shot by Arthur Kaliyev.
4:27 of 2nd period - Stopped by Petr Mrazek without a rebound.
4:28 of 2nd period - Nicklas Backstrom wins face-off versus Elias Lindholm in SAN JOSE BRONCOS zone.
4:28 of 2nd period - Alexandre Texier is hit by Jacob Middleton and loses puck.
4:29 of 2nd period - Alexandre Texier from LONG BEACH BARACUDAS is injured at 4:29 of 2nd period (Torn Left ACL).
4:30 of 2nd period - Nicklas Backstrom wins face-off versus Elias Lindholm in SAN JOSE BRONCOS zone.
5:03 of 2nd period - Shot by Brock McGinn.
5:03 of 2nd period - Deflect By Robert Fabbri.
5:03 of 2nd period - Stopped by Petr Mrazek with a rebound.
6:03 of 2nd period - Off-side.
6:04 of 2nd period - Brock Nelson wins face-off versus Max Domi in neutral zone.
6:42 of 2nd period - Jordan Martinook is hit by Ryan Murray and loses puck.
6:56 of 2nd period - Elias Lindholm is hit by Alex Pietrangelo and loses puck.
7:05 of 2nd period - Shot by Cole Caufield.
7:05 of 2nd period - Shot Blocked by Ryan Murray.
7:07 of 2nd period - Shot by Elias Lindholm.
7:07 of 2nd period - Stopped by Jake Oettinger without a rebound.
7:08 of 2nd period - Brayden Point wins face-off versus William Karlsson in LONG BEACH BARACUDAS zone.
7:19 of 2nd period - Shot by Jaden Schwartz.
7:19 of 2nd period - Stopped by Petr Mrazek without a rebound.
7:20 of 2nd period - Elias Lindholm wins face-off versus William Karlsson in SAN JOSE BRONCOS zone.
8:04 of 2nd period - Elias Lindholm is hit by Jared Spurgeon.
8:39 of 2nd period - Shot by Robert Fabbri.
8:39 of 2nd period - Stopped by Petr Mrazek with a rebound.
8:41 of 2nd period - Shot by Nolan Patrick.
8:41 of 2nd period - Goal by Nolan Patrick - SAN JOSE BRONCOS : 1 - LONG BEACH BARACUDAS : 1.
8:42 of 2nd period - Brock Nelson wins face-off versus Max Domi in neutral zone.
9:01 of 2nd period - Shot by Taylor Hall.
9:01 of 2nd period - Stopped by Petr Mrazek without a rebound.
9:02 of 2nd period - Pierre-Edouard Bellemare wins face-off versus Nicklas Backstrom in SAN JOSE BRONCOS zone.
9:02 of 2nd period - Pierre-Edouard Bellemare is hit by Robert Fabbri.
10:12 of 2nd period - Shot by Brock Nelson.
10:12 of 2nd period - Shot Hit the Post.
10:14 of 2nd period - Shot by Taylor Hall.
10:14 of 2nd period - Shot Hit the Post.
11:04 of 2nd period - Shot by Arthur Kaliyev.
11:04 of 2nd period - Stopped by Petr Mrazek without a rebound.
11:05 of 2nd period - Nolan Patrick wins face-off versus Max Domi in SAN JOSE BRONCOS zone.
11:10 of 2nd period - Shot by Nolan Patrick.
11:10 of 2nd period - Stopped by Petr Mrazek without a rebound.
11:11 of 2nd period - Nolan Patrick wins face-off versus Max Domi in SAN JOSE BRONCOS zone.
11:33 of 2nd period - Shot by Robert Fabbri.
11:33 of 2nd period - Stopped by Petr Mrazek without a rebound.
11:34 of 2nd period - Brayden Point wins face-off versus Brock Nelson in SAN JOSE BRONCOS zone.
11:38 of 2nd period - Off-side.
11:39 of 2nd period - Brock Nelson wins face-off versus Jesper Bratt in neutral zone.
11:46 of 2nd period - Shot by Taylor Hall.
11:46 of 2nd period - Goal by Taylor Hall - SAN JOSE BRONCOS : 1 - LONG BEACH BARACUDAS : 2.
11:47 of 2nd period - Brock Nelson wins face-off versus Brayden Point in neutral zone.
12:11 of 2nd period - Shot by Jesper Bratt.
12:11 of 2nd period - Stopped by Jake Oettinger without a rebound.
12:12 of 2nd period - William Karlsson wins face-off versus Elias Lindholm in LONG BEACH BARACUDAS zone.
13:04 of 2nd period - Taylor Hall is hit by Ivan Barbashev.
13:10 of 2nd period - Shot by Taylor Hall.
13:10 of 2nd period - Stopped by Petr Mrazek without a rebound.
13:11 of 2nd period - Nicklas Backstrom wins face-off versus Brayden Point in SAN JOSE BRONCOS zone.
13:53 of 2nd period - Shot by Oliver Bjorkstrand.
13:53 of 2nd period - Stopped by Jake Oettinger without a rebound.
13:54 of 2nd period - Max Domi wins face-off versus Taylor Hall in LONG BEACH BARACUDAS zone.
13:57 of 2nd period - Shot by Max Domi.
13:57 of 2nd period - Stopped by Jake Oettinger with a rebound.
15:00 of 2nd period - Shot by William Karlsson.
15:00 of 2nd period - Shot Misses the Net.
15:02 of 2nd period - Shot by William Karlsson.
15:02 of 2nd period - Shot Misses the Net.
15:04 of 2nd period - Shot by William Karlsson.
15:04 of 2nd period - Stopped by Petr Mrazek with a rebound.
15:12 of 2nd period - Shot by Jaden Schwartz.
15:12 of 2nd period - Stopped by Petr Mrazek without a rebound.
15:13 of 2nd period - Brayden Point wins face-off versus Nolan Patrick in SAN JOSE BRONCOS zone.
15:28 of 2nd period - Oliver Bjorkstrand is hit by Ryan Murray and loses puck.
16:25 of 2nd period - Shot by Pierre-Edouard Bellemare.
16:25 of 2nd period - Stopped by Jake Oettinger without a rebound.
16:26 of 2nd period - Max Domi wins face-off versus Brock Nelson in LONG BEACH BARACUDAS zone.
16:38 of 2nd period - Icing by Brock Nelson.
16:39 of 2nd period - Brock Nelson wins face-off versus Elias Lindholm in LONG BEACH BARACUDAS zone.
16:39 of 2nd period - Brock Nelson is hit by Ivan Barbashev.
16:53 of 2nd period - Shot by Elias Lindholm.
16:53 of 2nd period - Shot Misses the Net.
17:05 of 2nd period - Shot by Elias Lindholm.
17:05 of 2nd period - Deflect By Ivan Barbashev.
17:05 of 2nd period - Stopped by Jake Oettinger without a rebound.
17:06 of 2nd period - William Karlsson wins face-off versus Brayden Point in LONG BEACH BARACUDAS zone.
17:17 of 2nd period - Neal Pionk is hit by Arthur Kaliyev and loses puck.
18:17 of 2nd period - Off-side.
18:18 of 2nd period - Brock Nelson wins face-off versus Max Domi in neutral zone.
18:29 of 2nd period - Taylor Hall is hit by Adam Pelech and loses puck.
18:48 of 2nd period - Shot by Brock Nelson.
18:48 of 2nd period - Stopped by Petr Mrazek without a rebound.
18:49 of 2nd period - Nicklas Backstrom wins face-off versus Elias Lindholm in SAN JOSE BRONCOS zone.
19:09 of 2nd period - Jacob Middleton is hit by Robert Fabbri and loses puck.
19:31 of 2nd period - Icing by Elias Lindholm.
19:32 of 2nd period - Elias Lindholm wins face-off versus Brock Nelson in SAN JOSE BRONCOS zone.
Goals for this period are 0 for SAN JOSE BRONCOS vs 2 for LONG BEACH BARACUDAS.
Shots for this period are 8 for SAN JOSE BRONCOS vs 16 for LONG BEACH BARACUDAS.

3rd period


0:01 of 3rd period - Brock Nelson wins face-off versus Max Domi in neutral zone.
0:30 of 3rd period - Shot by Zach Parise.
0:30 of 3rd period - Stopped by Jake Oettinger without a rebound.
0:31 of 3rd period - William Karlsson wins face-off versus Brayden Point in LONG BEACH BARACUDAS zone.
0:39 of 3rd period - Shot by Jaden Schwartz.
0:39 of 3rd period - Shot Blocked by Jesper Bratt.
0:55 of 3rd period - Shot by Jaden Schwartz.
0:55 of 3rd period - Shot Blocked by Timothy Liljegren.
2:24 of 3rd period - Jake Bean is hit by Robert Fabbri and loses puck.
2:37 of 3rd period - Icing by Robert Fabbri.
2:38 of 3rd period - Nicklas Backstrom wins face-off versus Pierre-Edouard Bellemare in LONG BEACH BARACUDAS zone.
4:51 of 3rd period - Shot by Arthur Kaliyev.
4:51 of 3rd period - Shot Misses the Net.
5:01 of 3rd period - Shot by Arthur Kaliyev.
5:01 of 3rd period - Shot Blocked by Jan Rutta.
6:10 of 3rd period - Shot by Elias Lindholm.
6:10 of 3rd period - Shot Hit the Post.
8:22 of 3rd period - Icing by Jared Spurgeon.
8:23 of 3rd period - Nicklas Backstrom wins face-off versus Cole Caufield in LONG BEACH BARACUDAS zone.
8:46 of 3rd period - Icing by Jacob Middleton.
8:47 of 3rd period - Brock Nelson wins face-off versus Elias Lindholm in SAN JOSE BRONCOS zone.
10:13 of 3rd period - Shot by Max Domi.
10:13 of 3rd period - Shot Misses the Net.
10:17 of 3rd period - Shot by Zach Parise.
10:17 of 3rd period - Stopped by Jake Oettinger without a rebound.
10:18 of 3rd period - Pierre-Edouard Bellemare wins face-off versus Brock Nelson in LONG BEACH BARACUDAS zone.
10:19 of 3rd period - Shot by Jake Evans.
10:19 of 3rd period - Stopped by Jake Oettinger without a rebound.
10:20 of 3rd period - Elias Lindholm wins face-off versus Brock Nelson in LONG BEACH BARACUDAS zone.
10:56 of 3rd period - Shot by Ivan Barbashev.
10:56 of 3rd period - Stopped by Jake Oettinger without a rebound.
10:57 of 3rd period - Brayden Point wins face-off versus William Karlsson in LONG BEACH BARACUDAS zone.
11:16 of 3rd period - Icing by Brayden Point.
11:17 of 3rd period - Brayden Point wins face-off versus Nolan Patrick in SAN JOSE BRONCOS zone.
11:34 of 3rd period - Shot by Nolan Patrick.
11:34 of 3rd period - Shot Misses the Net.
12:46 of 3rd period - Jaden Schwartz is hit by Adam Pelech and loses puck.
13:03 of 3rd period - Zach Parise is hit by Taylor Hall and loses puck.
13:27 of 3rd period - Icing by Jan Rutta.
13:28 of 3rd period - Nicklas Backstrom wins face-off versus Elias Lindholm in SAN JOSE BRONCOS zone.
13:31 of 3rd period - Shot by Nicklas Backstrom.
13:31 of 3rd period - Shot Blocked by Ivan Barbashev.
14:22 of 3rd period - Cole Caufield is hit by Alex Pietrangelo.
14:30 of 3rd period - Jacob Middleton is hit by Seth Jarvis.
14:48 of 3rd period - Shot by Brock Nelson.
14:48 of 3rd period - Shot Misses the Net.
14:50 of 3rd period - Shot by Taylor Hall.
14:50 of 3rd period - Shot Misses the Net.
15:27 of 3rd period - Shot by Jesper Bratt.
15:27 of 3rd period - Stopped by Jake Oettinger with a rebound.
17:16 of 3rd period - Shot by Max Domi.
17:16 of 3rd period - Stopped by Jake Oettinger without a rebound.
17:17 of 3rd period - Nolan Patrick wins face-off versus Max Domi in LONG BEACH BARACUDAS zone.
17:34 of 3rd period - Shot by Nolan Patrick.
17:34 of 3rd period - Stopped by Petr Mrazek with a rebound.
17:36 of 3rd period - Shot by Alex Pietrangelo.
17:36 of 3rd period - Shot Misses the Net.
17:38 of 3rd period - Shot by Nolan Patrick.
17:38 of 3rd period - Shot Misses the Net.
18:15 of 3rd period - Shot by Taylor Hall.
18:15 of 3rd period - Stopped by Petr Mrazek with a rebound.
18:17 of 3rd period - Shot by Jared Spurgeon.
18:17 of 3rd period - Shot Misses the Net.
18:21 of 3rd period - Shot by Taylor Hall.
18:21 of 3rd period - Stopped by Petr Mrazek without a rebound.
18:22 of 3rd period - Brayden Point wins face-off versus William Karlsson in SAN JOSE BRONCOS zone.
18:41 of 3rd period - Shot by Oliver Bjorkstrand.
18:41 of 3rd period - Stopped by Jake Oettinger without a rebound.
18:42 of 3rd period - Elias Lindholm wins face-off versus Brock McGinn in LONG BEACH BARACUDAS zone.
18:59 of 3rd period - Ivan Barbashev is hit by Jared Spurgeon and loses puck.
19:02 of 3rd period - SAN JOSE BRONCOS, Petr Mrazek is pulled from the net.
Goals for this period are 0 for SAN JOSE BRONCOS vs 0 for LONG BEACH BARACUDAS.
Shots for this period are 7 for SAN JOSE BRONCOS vs 3 for LONG BEACH BARACUDAS.


JOHNNY
GAUDREAU
MATTHEW
BOLDY
OWEN
TIPPETT

EAST COAST

HOCKEY LEAGUE

  • 29.PIT6MAN7
  • 30.ATL6NHW2
  • 31.WOR4PET3
  • 32.3RHI4
  • 33.CHIQUE
  • 34.LIMCHA
  • 35.LONTRV
  • 36.BALCHW